| TOP OF THE 1ST |
|
Jacksonville Suns batting - Pitching for Birmingham Barons : RHP Walter Vanderbush
|
|
Pitching: RHP Walter Vanderbush
|
|
|
Batting: RHB Lyle Brackenridge
|
0-0: Called Strike 0-1: Foul Ball, location: 2F 0-2: Ball 1-2: Ball 2-2: Ball 3-2: Foul Ball, location: 2F 3-2: Base on Balls
|
|
Batting: SHB Joe Morales
|
0-0: Ball 1-0: Swinging Strike 1-1: Ball 2-1: Fly out, F4 (Flyball, 3D, EV 86.9 MPH)
|
|
Batting: LHB Andy Carlton
|
0-0: Foul Ball, location: 2F 0-1: Swinging Strike 0-2: Strikes out looking
|
|
Batting: RHB Edward Packard
|
0-0: Fielders Choice at 2nd, 5-4 (Groundball, 56, EV 86.9 MPH)
|
| Top of the 1st over - 0 runs, 0 hits, 0 errors, 1 left on base; Jacksonville 0 - Birmingham 0 |
| BOTTOM OF THE 1ST |
|
Birmingham Barons batting - Pitching for Jacksonville Suns : LHP Stephen Hartery
|
|
Pitching: LHP Stephen Hartery
|
|
|
Batting: RHB Bob Bathe
|
0-0: Called Strike 0-1: Fly out, F8 (Flyball, 8RXD, EV 90.6 MPH)
|
|
Batting: RHB Robin Townley
|
0-0: Ball 1-0: Ball 2-0: Ground out 4-3 (Groundball, 34, EV 101.9 MPH)
|
|
Batting: RHB Tim Hulett
|
0-0: Called Strike 0-1: Swinging Strike 0-2: Strikes out swinging
|
| Bottom of the 1st over - 0 runs, 0 hits, 0 errors, 0 left on base; Jacksonville 0 - Birmingham 0 |
| TOP OF THE 2ND |
|
Jacksonville Suns batting - Pitching for Birmingham Barons : RHP Walter Vanderbush
|
|
Batting: LHB Pete M O'Brien
|
0-0: Called Strike 0-1: Ground out 4-3 (Groundball, 4, EV 81.3 MPH)
|
|
Batting: LHB Dave Baker
|
0-0: Called Strike 0-1: Ball 1-1: Called Strike 1-2: Ground out U3 (Groundball, 34, EV 100.6 MPH)
|
|
Batting: LHB Michael Kelly
|
0-0: Ball 1-0: DOUBLE (Line Drive, 78M, EV 88.1 MPH)
|
|
Batting: RHB Mark Nocciolo
|
0-0: Ball 1-0: Ball 2-0: Ball 3-0: Called Strike 3-1: Called Strike 3-2: Base on Balls
|
|
Batting: LHB Donald Seeker
|
0-0: Called Strike 0-1: Ball 1-1: Foul Ball, location: 2F 1-2: Foul Ball, location: 2F 1-2: Foul Ball, location: 2F 1-2: Foul Ball, location: 2F 1-2: Foul Ball, location: 2F 1-2: Ball Wild Pitch! Michael Kelly to third Mark Nocciolo to second 2-2: Ball 3-2: Base on Balls
|
|
Batting: RHB Lyle Brackenridge
|
0-0: Ball 1-0: Swinging Strike 1-1: Foul Ball, location: 2F 1-2: Ball 2-2: SINGLE (Groundball, P, EV 82.5 MPH) (infield hit) Michael Kelly scores Mark Nocciolo to third Donald Seeker to second
|
|
Batting: SHB Joe Morales
|
0-0: Ball 1-0: Ball 2-0: Called Strike 2-1: Ball 3-1: Called Strike 3-2: Strikes out swinging
|
| Top of the 2nd over - 1 run, 2 hits, 0 errors, 3 left on base; Jacksonville 1 - Birmingham 0 |
| BOTTOM OF THE 2ND |
|
Birmingham Barons batting - Pitching for Jacksonville Suns : LHP Stephen Hartery
|
|
Batting: RHB Bill R Moore
|
0-0: Ball 1-0: Called Strike 1-1: Ball 2-1: Ball 3-1: Base on Balls
|
|
Batting: LHB Vernon Ramie
|
0-0: Called Strike 0-1: Ball 1-1: Foul Ball, location: 2F 1-2: Foul Ball, location: 2F 1-2: Ball 2-2: Fly out, F7 (Flyball, 78S, EV 81.3 MPH)
|
|
Batting: RHB Daniel Johnson
|
0-0: Grounds into double play, 3-6-3 (Groundball, 34, EV 83.1 MPH)
|
| Bottom of the 2nd over - 0 runs, 0 hits, 0 errors, 0 left on base; Jacksonville 1 - Birmingham 0 |
| TOP OF THE 3RD |
|
Jacksonville Suns batting - Pitching for Birmingham Barons : RHP Walter Vanderbush
|
|
Batting: LHB Andy Carlton
|
0-0: Ball 1-0: SINGLE (Groundball, 6M, EV 86.3 MPH) (infield hit)
|
|
Batting: RHB Edward Packard
|
0-0: Foul Ball, location: 2F 0-1: Ball 1-1: Ball 2-1: SINGLE (Flyball, 5D, EV 94.4 MPH) Andy Carlton to second
|
|
Batting: LHB Pete M O'Brien
|
0-0: Swinging Strike 0-1: Ball 1-1: Grounds into double play, 1-6-3 (Groundball, 13, EV 70.6 MPH) Andy Carlton to third
|
|
Batting: LHB Dave Baker
|
0-0: Ball 1-0: Swinging Strike 1-1: Ball 2-1: Called Strike 2-2: Strikes out swinging
|
| Top of the 3rd over - 0 runs, 2 hits, 0 errors, 1 left on base; Jacksonville 1 - Birmingham 0 |
| BOTTOM OF THE 3RD |
|
Birmingham Barons batting - Pitching for Jacksonville Suns : LHP Stephen Hartery
|
|
Batting: LHB Joe Szekely
|
0-0: Called Strike 0-1: Ball 1-1: Ball 2-1: Fly out, F7 (Line Drive, 7, EV 86.9 MPH)
|
|
Batting: RHB Rod Johnson
|
0-0: Swinging Strike 0-1: Foul Ball, location: 2F 0-2: Foul Ball, location: 2F 0-2: Ground out 4-3 (Groundball, 4, EV 86.9 MPH)
|
|
Batting: SHB Giampietro Pasquetto
|
0-0: Ball 1-0: Ground out 6-3 (Groundball, 6S, EV 88.8 MPH)
|
| Bottom of the 3rd over - 0 runs, 0 hits, 0 errors, 0 left on base; Jacksonville 1 - Birmingham 0 |
| TOP OF THE 4TH |
|
Jacksonville Suns batting - Pitching for Birmingham Barons : RHP Walter Vanderbush
|
|
Batting: LHB Michael Kelly
|
0-0: Ball 1-0: Called Strike 1-1: Ground out U3 (Groundball, 34, EV 81.3 MPH)
|
|
Batting: RHB Mark Nocciolo
|
0-0: Foul Ball, location: 2F 0-1: Swinging Strike 0-2: Strikes out swinging
|
|
Batting: LHB Donald Seeker
|
0-0: Ball 1-0: Ground out 5-3 (Groundball, 56, EV 107.5 MPH)
|
| Top of the 4th over - 0 runs, 0 hits, 0 errors, 0 left on base; Jacksonville 1 - Birmingham 0 |
| BOTTOM OF THE 4TH |
|
Birmingham Barons batting - Pitching for Jacksonville Suns : LHP Stephen Hartery
|
|
Batting: RHB Bob Bathe
|
0-0: Called Strike 0-1: Foul Ball, location: 2F 0-2: Ball 1-2: Fly out, F7 (Flyball, 78D, EV 98.8 MPH)
|
|
Batting: RHB Robin Townley
|
0-0: Called Strike 0-1: Foul Ball, location: 2F 0-2: Ball 1-2: Ball 2-2: Ball 3-2: Ground out 1-3 (Groundball, 34S, EV 69.4 MPH)
|
|
Batting: RHB Tim Hulett
|
0-0: Ball 1-0: Ball 2-0: Fly out, F9 (Flyball, 89M, EV 85.0 MPH)
|
| Bottom of the 4th over - 0 runs, 0 hits, 0 errors, 0 left on base; Jacksonville 1 - Birmingham 0 |
| TOP OF THE 5TH |
|
Jacksonville Suns batting - Pitching for Birmingham Barons : RHP Walter Vanderbush
|
|
Batting: RHB Lyle Brackenridge
|
0-0: Called Strike 0-1: Ball 1-1: Fly out, F4 (Popup, 3DF, EV 66.3 MPH)
|
|
Batting: SHB Joe Morales
|
0-0: Ball 1-0: Ball 2-0: Ball 3-0: Base on Balls
|
|
Batting: LHB Andy Carlton
|
0-0: Called Strike 0-1: Ball 1-1: Ball 2-1: Ball 3-1: Base on Balls Joe Morales to second
|
|
Batting: RHB Edward Packard
|
0-0: Ball 1-0: Fly out, F8 (Flyball, 8RM, EV 94.4 MPH)
|
|
Batting: LHB Pete M O'Brien
|
0-0: Ball 1-0: Ball 2-0: Called Strike 2-1: Fly out, F8 (Flyball, 78XD, EV 102.5 MPH)
|
| Top of the 5th over - 0 runs, 0 hits, 0 errors, 2 left on base; Jacksonville 1 - Birmingham 0 |
| BOTTOM OF THE 5TH |
|
Birmingham Barons batting - Pitching for Jacksonville Suns : LHP Stephen Hartery
|
|
Batting: RHB Bill R Moore
|
0-0: Called Strike 0-1: Ball 1-1: Ball 2-1: Fly out, F6 (Flyball, 56D, EV 82.5 MPH)
|
|
Batting: LHB Vernon Ramie
|
0-0: Foul Ball, location: 2F 0-1: Ball 1-1: Foul Ball, location: 2F 1-2: Foul Ball, location: 2F 1-2: Ball 2-2: Foul Ball, location: 2F 2-2: Strikes out swinging
|
|
Batting: RHB Daniel Johnson
|
0-0: Called Strike 0-1: Ball 1-1: Ball 2-1: Swinging Strike 2-2: Ball 3-2: Strikes out swinging
|
| Bottom of the 5th over - 0 runs, 0 hits, 0 errors, 0 left on base; Jacksonville 1 - Birmingham 0 |
| TOP OF THE 6TH |
|
Jacksonville Suns batting - Pitching for Birmingham Barons : RHP Walter Vanderbush
|
|
Batting: LHB Dave Baker
|
0-0: Ball 1-0: Swinging Strike 1-1: Ball 2-1: Called Strike 2-2: Strikes out swinging
|
|
Batting: LHB Michael Kelly
|
0-0: Ball 1-0: Called Strike 1-1: DOUBLE (Flyball, 78D, EV 96.3 MPH)
|
|
Batting: RHB Mark Nocciolo
|
0-0: Ground out 6-3 (Groundball, 6, EV 90.0 MPH)
|
|
Batting: LHB Donald Seeker
|
0-0: Called Strike 0-1: Called Strike 0-2: Ball 1-2: Ground out U3 (Groundball, 34S, EV 70.6 MPH)
|
| Top of the 6th over - 0 runs, 1 hit, 0 errors, 1 left on base; Jacksonville 1 - Birmingham 0 |
| BOTTOM OF THE 6TH |
|
Birmingham Barons batting - Pitching for Jacksonville Suns : LHP Stephen Hartery
|
|
Batting: LHB Joe Szekely
|
0-0: Called Strike 0-1: Ball 1-1: Called Strike 1-2: Ball 2-2: Foul Ball, location: 2F 2-2: Foul Ball, location: 2F 2-2: Foul Ball, location: 2F 2-2: Foul Ball, location: 2F 2-2: Ground out U3 (Groundball, 3, EV 94.4 MPH)
|
|
Batting: RHB Rod Johnson
|
0-0: Called Strike 0-1: Swinging Strike 0-2: Ball 1-2: Strikes out swinging
|
|
Batting: SHB Giampietro Pasquetto
|
0-0: Swinging Strike 0-1: Called Strike 0-2: Foul Ball, location: 2F 0-2: DOUBLE (Line Drive, 5D, EV 98.1 MPH)
|
|
Batting: RHB Bob Bathe
|
0-0: Ball 1-0: Ball 2-0: Ball 3-0: Base on Balls
|
|
Batting: RHB Robin Townley
|
0-0: Called Strike 0-1: Ball 1-1: SINGLE (Line Drive, 34D, EV 95.0 MPH) Giampietro Pasquetto to third Bob Bathe to second Runner from 3rd tries for Home, SAFE, throw by RF to home
|
|
Batting: RHB Tim Hulett
|
0-0: Ball 1-0: Ball 2-0: Ball 3-0: Base on Balls Bob Bathe to third Robin Townley to second
|
|
Batting: RHB Bill R Moore
|
0-0: Ball 1-0: Called Strike 1-1: Ground out 1-3 (Groundball, 13S, EV 66.3 MPH)
|
| Bottom of the 6th over - 1 run, 2 hits, 0 errors, 3 left on base; Jacksonville 1 - Birmingham 1 |
| TOP OF THE 7TH |
|
Jacksonville Suns batting - Pitching for Birmingham Barons : RHP Walter Vanderbush
|
|
Batting: RHB Lyle Brackenridge
|
0-0: Ball 1-0: Foul Ball, location: 2F 1-1: Ball 2-1: Called Strike 2-2: Foul Ball, location: 2F 2-2: Ground out 5-3 (Groundball, 56, EV 91.3 MPH)
|
|
Batting: SHB Joe Morales
|
0-0: Ball 1-0: Ball 2-0: Ground out U3 (Groundball, 3, EV 103.1 MPH)
|
|
Batting: LHB Andy Carlton
|
0-0: Foul Ball, location: 2F 0-1: Ball 1-1: Called Strike 1-2: Strikes out looking
|
| Top of the 7th over - 0 runs, 0 hits, 0 errors, 0 left on base; Jacksonville 1 - Birmingham 1 |
| BOTTOM OF THE 7TH |
|
Birmingham Barons batting - Pitching for Jacksonville Suns : LHP Stephen Hartery
|
|
Batting: LHB Vernon Ramie
|
0-0: Ball 1-0: Ball 2-0: Called Strike 2-1: Ball 3-1: Base on Balls
|
|
Batting: RHB Daniel Johnson
|
0-0: Called Strike 0-1: Fly out, F9 (Line Drive, 9, EV 83.8 MPH)
|
|
Batting: LHB Joe Szekely
|
0-0: Swinging Strike 0-1: Ball 1-1: Ball 2-1: Foul Ball, location: 2F 2-2: Ball 3-2: Foul Ball, location: 2F 3-2: Base on Balls Vernon Ramie to second
|
|
Batting: RHB Rod Johnson
|
0-0: Ball 1-0: Foul Ball, location: 2F 1-1: Fly out, F4 (Popup, 4, EV 55.0 MPH)
|
|
Batting: SHB Giampietro Pasquetto
|
0-0: Foul Ball, location: 2F 0-1: Called Strike 0-2: Ball 1-2: Ground out 4-3 (Groundball, 4, EV 80.6 MPH)
|
| Bottom of the 7th over - 0 runs, 0 hits, 0 errors, 2 left on base; Jacksonville 1 - Birmingham 1 |
| TOP OF THE 8TH |
|
Jacksonville Suns batting - Pitching for Birmingham Barons : RHP Walter Vanderbush
|
|
Batting: RHB Edward Packard
|
0-0: Swinging Strike 0-1: Swinging Strike 0-2: Ball 1-2: Strikes out swinging
|
|
Batting: LHB Pete M O'Brien
|
0-0: Fly out, F5 (Popup, 5F, EV 72.5 MPH)
|
|
Batting: LHB Dave Baker
|
0-0: Ball 1-0: Ball 2-0: Ground out 6-3 (Groundball, 6S, EV 86.3 MPH)
|
| Top of the 8th over - 0 runs, 0 hits, 0 errors, 0 left on base; Jacksonville 1 - Birmingham 1 |
| BOTTOM OF THE 8TH |
|
Birmingham Barons batting - Pitching for Jacksonville Suns : LHP Stephen Hartery
|
|
Batting: RHB Bob Bathe
|
0-0: Ball 1-0: Swinging Strike 1-1: Ball 2-1: Foul Ball, location: 2F 2-2: Ball 3-2: Base on Balls
|
|
Batting: RHB Robin Townley
|
0-0: Ball 1-0: Called Strike 1-1: Called Strike 1-2: Ball 2-2: Strikes out swinging
|
|
Batting: RHB Tim Hulett
|
0-0: Ball 1-0: Ball 2-0: Ball 3-0: Grounds into double play, 6-4-3 (Groundball, 6, EV 101.3 MPH)
|
| Bottom of the 8th over - 0 runs, 0 hits, 0 errors, 0 left on base; Jacksonville 1 - Birmingham 1 |
| TOP OF THE 9TH |
|
Jacksonville Suns batting - Pitching for Birmingham Barons : RHP Walter Vanderbush
|
|
Pitching: RHP Danny Castillo
|
|
|
Batting: LHB Michael Kelly
|
0-0: Ball 1-0: Called Strike 1-1: Called Strike 1-2: Strikes out looking
|
|
Pinch Hitting: LHB Stanley Younger
|
0-0: Called Strike 0-1: Called Strike 0-2: Strikes out swinging, 2-3 out at first.
|
|
Batting: LHB Donald Seeker
|
0-0: Ball 1-0: Ground out 6-3 (Groundball, 6, EV 81.3 MPH)
|
| Top of the 9th over - 0 runs, 0 hits, 0 errors, 0 left on base; Jacksonville 1 - Birmingham 1 |
| BOTTOM OF THE 9TH |
|
Birmingham Barons batting - Pitching for Jacksonville Suns : LHP Stephen Hartery
|
|
Now at C: Henry Powell
|
|
|
Batting: RHB Bill R Moore
|
0-0: Called Strike 0-1: Foul Ball, location: 2F 0-2: Foul Ball, location: 2F 0-2: Ball 1-2: Ball 2-2: Fly out, F7 (Flyball, 78D, EV 84.4 MPH)
|
|
Pinch Hitting: RHB Anthony Veith
|
0-0: Ball 1-0: Ball 2-0: Ball 3-0: Base on Balls
|
|
Batting: RHB Daniel Johnson
|
0-0: Ball Anthony Veith steals 2nd, throwing error, E2 Anthony Veith to third 1-0: Intentional Walk
|
|
Pinch Hitting: RHB Thomas Echstenkamper
|
0-0: Called Strike 0-1: Ball 1-1: Ball 2-1: Fly out, F8 (Flyball, 89S, EV 83.8 MPH)
|
|
Batting: RHB Rod Johnson
|
0-0: Ball 1-0: Ball 2-0: Foul Ball, location: 2F 2-1: Foul Ball, location: 2F 2-2: Ground out 4-3 (Groundball, 4, EV 81.3 MPH)
|
| Bottom of the 9th over - 0 runs, 0 hits, 1 error, 2 left on base; Jacksonville 1 - Birmingham 1 |
| TOP OF THE 10TH |
|
Jacksonville Suns batting - Pitching for Birmingham Barons : RHP Danny Castillo
|
|
Now at C: Gregory Chandler
|
|
|
Now in RF: Anthony Veith
|
|
|
Batting: RHB Lyle Brackenridge
|
0-0: Called Strike 0-1: Foul Ball, location: 2F 0-2: Foul Ball, location: 2F 0-2: SOLO HOME RUN (Flyball, 9LD, EV 95.6 MPH), Distance : 360 ft
|
|
Batting: SHB Joe Morales
|
0-0: Called Strike 0-1: Ball 1-1: Ball 2-1: SINGLE (Line Drive, 9S, EV 96.3 MPH)
|
|
Batting: LHB Andy Carlton
|
0-0: Ball 1-0: Called Strike 1-1: Ball 2-1: Ball 3-1: Foul Ball, location: 2F 3-2: Foul Ball, location: 2F 3-2: Foul Ball, location: 2F 3-2: Fly out, F7 (Flyball, 78S, EV 92.5 MPH)
|
|
Batting: RHB Edward Packard
|
0-0: Swinging Strike 0-1: Called Strike 0-2: Ball 1-2: Foul Ball, location: 2F 1-2: Ball 2-2: Ground out 5-3 (Groundball, 56S, EV 73.8 MPH) Joe Morales to second
|
|
Batting: LHB Pete M O'Brien
|
0-0: Called Strike 0-1: Ball 1-1: Foul Ball, location: 2F 1-2: Ball 2-2: Strikes out looking
|
| Top of the 10th over - 1 run, 2 hits, 0 errors, 1 left on base; Jacksonville 2 - Birmingham 1 |
| BOTTOM OF THE 10TH |
|
Birmingham Barons batting - Pitching for Jacksonville Suns : LHP Stephen Hartery
|
|
Batting: SHB Giampietro Pasquetto
|
0-0: Called Strike 0-1: Hit by Pitch
|
|
Batting: RHB Bob Bathe
|
0-0: Called Strike 0-1: Fly out, F7 (Flyball, 7, EV 84.4 MPH)
|
|
Batting: RHB Robin Townley
|
0-0: Called Strike 0-1: Called Strike 0-2: Foul Ball, location: 2F 0-2: Ball 1-2: Foul Ball, location: 2F 1-2: Foul Ball, location: 2F 1-2: Strikes out looking
|
|
Batting: RHB Tim Hulett
|
0-0: Ball 1-0: Ball 2-0: Fly out, F7 (Flyball, 7LM, EV 97.5 MPH)
|
| Bottom of the 10th over - 0 runs, 0 hits, 0 errors, 1 left on base; Jacksonville 2 - Birmingham 1 |
|